 Dungeon Crawl Stone Soup version 0.27-a0-906-g0a00ce863d (webtiles) character file.

Game seed: 2754113884507258773

21102 septik the Severer (level 12, -2/110 HPs)
             Began as a Deep Dwarf Fighter on Apr 7, 2021.
             Was an Elder of Makhleb.
             Slain by a freezing wraith (8 damage)
             ... in an ice cave.
             The game lasted 01:33:45 (13406 turns).

septik the Severer (Deep Dwarf Fighter)            Turns: 13406, Time: 01:33:50

Health: -2/110     AC: 15    Str: 23    XL:     12   Next: 51%
Magic:  3/3        EV: 11    Int: 11    God:    Makhleb [****..]
Gold:   142        SH: 12    Dex: 18    Spells: 11/11 levels left

rFire    . . .     SeeInvis .   S - +0 war axe (flame)
rCold    + . .     Faith    .   c - +0 kite shield
rNeg     . . .     Spirit   .   m - +2 leather armour {rC+}
rPois    .         Reflect  .   Q - +2 hat
rElec    .         Harm     .   E - scarf {repulsion}
rCorr    .         Rampage  .   R - +2 pair of gloves
Will     +....                  (no boots)
Stlth    +.........             (no amulet)
HPRegen  0.00/turn              e - +4 ring of protection
MPRegen  0.08/turn              X - +6 ring of dexterity

@: non-regenerating, slowed, repel missiles, very slow
A: damage resistance, heal wounds, sense surroundings 2, no regeneration
a: Heal Wounds, Renounce Religion, Minor Destruction, Lesser Servant of Makhleb,
Major Destruction


You were in an ice cave.
You worshipped Makhleb.
Makhleb was greatly pleased with you.
You visited 3 branches of the dungeon, and saw 14 of its levels.
You also visited: Ice Cave.

You collected 687 gold pieces.
You spent 545 gold pieces at shops.

Inventory:

Hand Weapons
 a - a +0 hunting sling
 b - a +5 war axe of freezing
 d - a +2 dagger of venom
 L - a +5 hand axe
 S - a +0 war axe of flaming (weapon)
Missiles
 g - 325 stones
 i - 135 arrows
 o - 65 sling bullets
 p - 5 atropa-tipped darts
 v - 23 poisoned darts (quivered)
 B - a throwing net
 C - 4 curare-tipped darts
Armour
 c - a +0 kite shield (worn)
 m - a +2 leather armour of cold resistance (worn)
 t - a +0 plate armour
 E - a scarf of repulsion (worn)
 G - +0 steam dragon scales
 Q - a +2 hat (worn)
 R - a +2 pair of gloves (worn)
Magical Staves
 h - a staff of poison
Jewellery
 e - a +4 ring of protection (left hand)
 u - a +6 ring of intelligence
 T - a ring of resist corrosion
 X - a +6 ring of dexterity (right hand)
Wands
 l - a wand of digging (6)
 J - a wand of mindburst (15)
 K - a wand of random effects (19)
 M - a wand of polymorph (2)
Scrolls
 k - 7 scrolls of teleportation
 n - a scroll of holy word
 y - a scroll of brand weapon
 F - 2 scrolls of enchant armour
 H - 3 scrolls of amnesia
 O - 2 scrolls of noise
 U - a scroll of vulnerability
 W - a scroll of blinking
 Z - a scroll of fog {unknown}
Potions
 f - 3 potions of attraction
 j - 3 potions of curing
 q - a potion of resistance
 r - a potion of brilliance {unknown}
 s - 4 potions of flight
 w - 3 potions of lignification
 x - a potion of ambrosia {unknown}
 z - a potion of berserk rage {unknown}
 A - 3 potions of heal wounds
 D - 2 potions of haste
 I - a potion of mutation {unknown}
 N - a potion of degeneration


   Skills:
 + Level 7.8 Fighting
 - Level 16.0 Axes
 + Level 10.3 Armour
 - Level 1.5 Dodging
 + Level 9.4 Shields


You had 11 spell levels left.
You didn't know any spells.
Your spell library contained the following spells:

 Spells                   Type           Power      Damage    Failure   Level
 Animate Skeleton         Necr           0%         N/A       63%         1
 Apportation              Tloc           0%         N/A       63%         1
 Corona                   Hex            0%         N/A       63%         1
 Foxfire                  Conj/Fire      0%         2x1d4     63%         1
 Summon Small Mammal      Summ           0%         N/A       63%         1
 Ensorcelled Hibernation  Hex/Ice        0%         N/A       77%         2
 Confusing Touch          Hex            0%         N/A       94%         3
 Conjure Flame            Conj/Fire      0%         6-21      94%         3
 Dazzling Flash           Conj/Hex       0%         N/A       94%         3
 Inner Flame              Hex/Fire       0%         N/A       94%         3
 Tukima's Dance           Hex            0%         N/A       94%         3
 Sticky Flame             Conj/Fire      0%         2d3       100%        4
 Fireball                 Conj/Fire      0%         3d3       100%        5


Dungeon Overview and Level Annotations

Branches:
Dungeon (9/15)             Temple (1/1) D:6            Lair (4/6) D:8
 Shoals (0/4) Lair:3        Snake (0/4) Lair:2        IceCv (1/1)
    Orc: D:9-12

Altars:
Ashenzari
Dithmenos
Fedhas
Gozag
Hepliaklqana
Kikubaaqudgha
Makhleb
Nemelex Xobeh
Okawaru
Qazlal
Ru
Sif Muna
Trog
Uskayaw
Xom
Yredelemnul
Zin
The Shining One
Lugonu

Shops:
D:7 :(?[[!

Annotations:
D:4 exclusion: 2 downstairs
D:6 exclusion: 2 downstairs
D:7 2 transporters, exclusion: downstairs
D:8 exclusion: 3 downstairs
D:9 1 exclusion, Erolcha
Lair:1 exclusions: downstairs and 2 oklob plants
Lair:2 Gastronok bottom left corner!, Gastronok


Innate Abilities, Weirdness & Mutations

You are resistant to damage.
You can heal yourself by infusing magical energy.
You passively map the area around you.
You do not regenerate.


Message History

You closely miss the freezing wraith.
The freezing wraith is almost destroyed.
The freezing wraith hits you but does no damage.
You block the freezing wraith's attack.
You barely miss the freezing wraith.
The freezing wraith is almost destroyed.
The freezing wraith hits you.
* * * LOW HITPOINT WARNING * * *
The freezing wraith freezes you. You resist.
* * * LOW HITPOINT WARNING * * *
You block the freezing wraith's attack.
Unknown command.
Unknown command.
You feel much better.
The freezing wraith hits you but does no damage. x2
The freezing wraith hits you. The freezing wraith freezes you! You resist.
* * * LOW HITPOINT WARNING * * *
You block the freezing wraith's attack.
Unknown command.
You closely miss the freezing wraith.
The freezing wraith is almost destroyed.
The freezing wraith barely misses you.
The freezing wraith hits you but does no damage.
You hit the freezing wraith but do no damage.
The freezing wraith is almost destroyed.
You block the freezing wraith's attack. The freezing wraith hits you!
* * * LOW HITPOINT WARNING * * *
You barely miss the freezing wraith.
The freezing wraith is almost destroyed.
The freezing wraith hits you but does no damage.
The freezing wraith hits you. The freezing wraith drains your vigour!
You feel as though you will be slow longer.
You closely miss the freezing wraith.
The freezing wraith is almost destroyed.
You block the freezing wraith's attack. The freezing wraith hits you!
* * * LOW HITPOINT WARNING * * *
The freezing wraith hits you!
* * * LOW HITPOINT WARNING * * *
The freezing wraith freezes you! You resist.
You die...

#.......# ≈ *,
* * #...∩...#
.### * * ,
##.....## ≈≈
#..## **
##...##*≈ ≈
###...###
##...#* ≈
##.......### ,
#...##≈ ≈
#.........$(* ,
#...## ≈
#.........)$ ,,
##...## ≈
#.........#***
* *, ##...#
##..(@W...# *
,, ##..#
##..###.....# ,
* ##..## #..###
####..# * *
#..## ≈
##...### **,.
*, * ###..####
##....### * , *
.#....#.##
###....## * ,,
.........##
*###...###≈
..........##
###...### ≈**,
,
...........####
###...##≈ ,, ,


You could see a freezing wraith.

Vanquished Creatures
  2 hydras
  A boulder beetle (Lair:2)
  2 two-headed ogres
  A manticore (D:8)
  2 black mambas
  3 cane toads
  Maggie (D:6)
  7 komodo dragons
  A rime drake (Lair:3)
  6 freezing wraiths (IceCv)
  A polar bear (D:8)
  6 blink frogs
  A snapping turtle (Lair:3)
  A shadow (D:7)
  17 yaks
  A wyvern (Lair:2)
  3 basilisks
  3 steam dragons
  9 water moccasins
  5 orc warriors
  8 ice beasts
  An alligator simulacrum (IceCv)
  4 sky beasts
  A hornet zombie (D:9)
  2 black bears
  2 ogres (D:4)
  A necrophage (D:6)
  15 wolves
  A centaur (D:7)
  2 phantoms
  A kobold brigand (D:6)
  A gnoll sergeant (D:5)
  6 bullfrogs
  A scorpion (D:6)
  A wyvern skeleton (D:7)
  An elephant simulacrum (IceCv)
  8 killer bees
  6 wights
  2 howler monkeys
  3 jellies
  A centaur zombie (D:7)
  3 bullfrog zombies
  2 hounds
  3 orc priests
  A centaur skeleton (D:6)
  An iguana (D:6)
  8 orc wizards
  A polar bear simulacrum (IceCv)
  3 killer bee zombies
  A wolf simulacrum (IceCv)
  3 hound skeletons
  A howler monkey zombie (D:8)
  8 gnolls
  10 adders
  16 white imps
  2 worms
  A dart slug (D:1)
  27 orcs
  2 bats (D:1)
  7 endoplasms
  A giant cockroach (D:2)
  6 goblins
  3 hobgoblins
  8 jackals
  9 kobolds
  5 quokkas
  7 ball pythons
  7 frilled lizards
  2 rats
289 creatures vanquished.

Vanquished Creatures (others)
  A white imp (Lair:4)
  19 fungi
  28 plants
48 creatures vanquished.

Grand Total: 337 creatures vanquished

Notes
Turn   | Place    | Note
-------+----------+-------------------------------------------
     0 | D:1      | septik the Deep Dwarf Fighter began the quest for the Orb.
     0 | D:1      | Reached XP level 1. HP: 20/20 MP: 1/1
   496 | D:1      | Reached XP level 2. HP: 25/27 MP: 2/2
   526 | D:1      | Found a faded altar of an unknown god.
   547 | D:1      | Reached skill level 3 in Axes
   929 | D:1      | You fall into a shaft and drop 1 floor!
  1336 | D:2      | Reached XP level 3. HP: 28/33 MP: 3/3
  1403 | D:2      | Reached skill level 4 in Axes
  1879 | D:3      | Reached XP level 4. HP: 28/40 MP: 4/4
  1948 | D:3      | Reached skill level 5 in Axes
  2020 | D:3      | Reached XP level 5. HP: 29/46 MP: 4/4
  2107 | D:3      | Reached skill level 6 in Axes
  2407 | D:3      | Found a hazy altar of Hepliaklqana.
  2684 | D:4      | Noticed a phantom
  2695 | D:4      | Killed a phantom
  2696 | D:4      | Reached XP level 6. HP: 32/55 MP: 5/5
  2716 | D:4      | Found a hide-covered altar of Uskayaw.
  3215 | D:4      | Reached skill level 7 in Axes
  3752 | D:5      | Entered Level 5 of the Dungeon
  3883 | D:5      | Reached skill level 8 in Axes
  4042 | D:5      | Reached XP level 7. HP: 42/61 MP: 5/5
  4254 | D:5      | Reached skill level 9 in Axes
  5191 | D:6      | Reached skill level 10 in Axes
  5191 | D:6      | Reached XP level 8. HP: 43/68 MP: 5/5
  5565 | D:6      | Reached skill level 11 in Axes
  5592 | D:6      | Noticed Maggie
  5611 | D:6      | Killed Maggie
  5651 | D:6      | Reached skill level 12 in Axes
  5711 | D:6      | Found a staircase to the Ecumenical Temple.
  5720 | Temple   | Entered the Ecumenical Temple
  5837 | Temple   | Became a worshipper of Makhleb the Destroyer
  6043 | D:6      | Gained mutation: You passively map the area around you.
                  | [Deep Dwarf growth]
  6043 | D:6      | Reached XP level 9. HP: 55/74 MP: 5/5
  6345 | D:7      | Reached skill level 13 in Axes
  6564 | D:7      | Noticed an ancient zyme
  6564 | D:7      | Noticed a cyan ugly thing
  6565 | D:7      | Found a transporter.
  6566 | D:7      | Found a corrupted altar of Lugonu.
  6566 | D:7      | Noticed a white ugly thing
  6567 | D:7      | Noticed a purple ugly thing
  6601 | D:7      | Found Olonn's Distillery.
  6608 | D:7      | Bought a potion of heal wounds for 60 gold pieces
  6608 | D:7      | Bought a potion of degeneration for 12 gold pieces
  6608 | D:7      | Bought a potion of heal wounds for 60 gold pieces
  6608 | D:7      | Bought a potion of lignification for 36 gold pieces
  6608 | D:7      | Bought 2 potions of lignification for 72 gold pieces
  6608 | D:7      | Bought a potion of flight for 36 gold pieces
  6649 | D:7      | Found a transporter.
  6691 | D:7      | Reached * piety under Makhleb
  6695 | D:7      | Found a broken altar of Ashenzari.
  6705 | D:7      | Found Kaisufepp's Weapon Shop.
  6711 | D:7      | Found Otwuy's Armour Shop.
  6715 | D:7      | Found Kituss's Armour Shop.
  6715 | D:7      | Found Ginare's Magic Scroll Shop.
  6740 | D:7      | Bought a scroll of identify for 30 gold pieces
  6768 | D:7      | Reached skill level 14 in Axes
  6802 | D:7      | Found Yhipir's Book Emporium.
  7686 | D:8      | Reached skill level 15 in Axes
  7686 | D:8      | Reached XP level 10. HP: 36/81 MP: 3/3
  7762 | D:8      | Noticed a deep elf pyromancer
  7766 | D:8      | Noticed a manticore
  7766 | D:8      | a deep elf pyromancer changed into a manticore
  7777 | D:8      | HP: 3/121 [manticore (9)]
  7779 | D:8      | Killed a manticore
  8056 | D:8      | Reached ** piety under Makhleb
  8075 | D:8      | Found a staircase to the Lair.
  8133 | D:8      | Found an ancient bone altar of Kikubaaqudgha.
  8492 | D:8      | Found a basalt altar of Yredelemnul.
  8649 | D:8      | Noticed a two-headed ogre
  8661 | D:8      | Killed a two-headed ogre
  8662 | D:8      | Reached skill level 16 in Axes
  8769 | D:9      | Noticed Erolcha
  8855 | D:9      | Noticed a two-headed ogre
  8870 | D:9      | Killed a two-headed ogre
  8976 | D:9      | Reached skill level 1 in Dodging
  9021 | Lair:1   | Entered Level 1 of the Lair of Beasts
  9030 | Lair:1   | Noticed a seven-headed hydra
  9045 | Lair:1   | HP: 2/85 [five-headed hydra (7)]
  9050 | Lair:1   | Killed a three-headed hydra
  9051 | Lair:1   | Reached skill level 5 in Armour
  9097 | Lair:1   | Noticed a cane toad
  9109 | Lair:1   | Killed a cane toad
  9110 | Lair:1   | Reached skill level 5 in Shields
  9180 | Lair:1   | Noticed a cane toad
  9208 | D:8      | Reached XP level 11. HP: 60/93 MP: 3/3
  9235 | Lair:1   | Noticed an oklob plant
  9836 | Lair:1   | You fall into a shaft and drop 1 floor!
  9836 | Lair:2   | Noticed Gastronok
  9846 | Lair:2   | HP: 1/93 [komodo dragon (8)]
  9919 | Lair:2   | Noticed a boulder beetle
 10204 | Lair:1   | Reached skill level 5 in Fighting
 10471 | Lair:1   | Noticed an oklob plant
 10599 | Lair:2   | Noticed a seven-headed hydra
 10608 | Lair:2   | Killed a two-headed hydra
 10726 | Lair:2   | Found a staircase to the Snake Pit.
 11215 | Lair:2   | Reached *** piety under Makhleb
 11281 | Lair:2   | Killed a boulder beetle
 11574 | Lair:2   | Reached XP level 12. HP: 31/106 MP: 3/3
 12161 | D:7      | Bought a scroll of noise for 15 gold pieces
 12161 | D:7      | Bought a scroll of enchant weapon for 112 gold pieces
 12161 | D:7      | Bought a scroll of enchant armour for 112 gold pieces
 12617 | Lair:3   | Found a staircase to the Shoals.
 12962 | Lair:4   | Found a frozen archway.
 12992 | IceCv    | Entered an ice cave
 12999 | IceCv    | Reached **** piety under Makhleb
 13064 | IceCv    | Reached skill level 10 in Armour
 13395 | IceCv    | HP: 2/110 [freezing wraith (9)]
 13401 | IceCv    | HP: 5/110 [freezing wraith (3)]
 13406 | IceCv    | Slain by a freezing wraith

Illustrated notes

Levels and vault maps discovered:
D:1:      kennysheep_arrival_seaside, layout_basic, basic_ecumenical_altar
D:2:      layout_rooms
D:3:      layout_rooms, amcnicky_altar_gilded, serial_curves, eino_curves_01,
          eino_curves_02, palyth_stone_intersect, serial_bayou_ford_a
D:4:      layout_basic, nicolae_overflow_crystal_walls
D:5:      layout_cave_pools
D:6:      layout_rooms, temple_statues, kennysheep_generic_room_16, uniq_maggie
D:7:      gammafunk_corrupted_shrine, layout_loops_corners,
          cheibrodos_ashenzari_chains, serial_shops, shop, shop,
          grunt_ministairs_2, minmay_strange_pillars, minmay_holes,
          minmay_shop_grid_forest
D:8:      layout_basic, lemuel_doored_altar, general_overflow_altar,
          david_lair_shrubbed, guppyfry_early_elven_hall
D:9:      layout_irregular_city, uniq_erolcha
Temple:   dshaligram_water_room_temple
Lair:1:   layout_hall_layers, chequers_serial_rivers_room_b,
          minmay_lair_oklob_chamber, grunt_megastairs_4,
          infiniplex_staircase_pool_2, serial_bayou_shore_a
Lair:2:   layout_regular_city, dummy_snake_entry, guppyfry_lair_drakes,
          lemuel_fruit_tree, uniq_gastronok
Lair:3:   layout_small_grid, minmay_shoals_entry_hut,
          nicolae_quartered_pool_medium, serial_bayou_shore_b
Lair:4:   layout_regular_city, serial_rivers, chequers_serial_rivers_micro_a,
          chequers_serial_rivers_micro_b, chequers_serial_rivers_room_b,
          chequers_serial_rivers_small_b, chequers_serial_rivers_micro_e,
          chequers_serial_rivers_small_a, portal_ice_cave_entry_imps,
          beast_lair_carwin_4, serial_bayou_shore_b, lemuel_fruit_fields
IceCv:    ice_cave_small_necro

Skill      XL: |  1  2  3  4  5  6  7  8  9 10 11 12 |
---------------+-------------------------------------+-----
Axes           | 3 4 5 6 8 10 12 15 16 | 16.0
Fighting       | 4 6 7 |  7.8
Armour         | 5 9 10 | 10.3
Shields        | 5 8 9 |  9.4
Dodging        | 1 |  1.5

Action                   |  1- 3 |  4- 6 |  7- 9 | 10-12 || total
-------------------------+-------+-------+-------+-------++-------
Melee: War axe           |   118 |   104 |   232 |   550 ||  1004
       Dagger            |       |    24 |    53 |     4 ||    81
       Hand axe          |       |       |    54 |       ||    54
 Fire: Hunting sling     |     5 |    73 |    19 |    26 ||   123
Throw: Dart              |     3 |     6 |    51 |    73 ||   133
       Throwing net      |     1 |       |       |     1 ||     2
       Stone             |       |     1 |       |     5 ||     6
 Abil: Heal Wounds       |       |     2 |    16 |    16 ||    34
Evoke: Wand              |       |       |     2 |    20 ||    22
  Use: Scroll            |     1 |     1 |     3 |    12 ||    17
       Potion            |       |     4 |     1 |     4 ||     9
Armor: Scale mail        |    45 |     6 |       |       ||    51
       Leather armour    |     4 |    19 |       |    51 ||    74
       Plate armour      |       |    55 |   246 |   226 ||   527
       Skin              |       |       |       |     9 ||     9
       Steam dragon scal |       |       |       |     8 ||     8
Dodge: Dodged            |    31 |    30 |    61 |   108 ||   230
       Repelled          |       |       |       |     5 ||     5
Block: Kite shield       |    65 |    68 |   196 |   314 ||   643

Table legend: (Time is in decaauts)
 A = Elapsed time spent in this place.
 B = Non-inter-level travel time spent in this place.
 C = Inter-level travel time spent in this place.
 D = Time resting spent in this place.
 E = Time spent auto-exploring this place.
 F = Levels seen in this place.
 G = Mean time per level.
                   A        B        C        D        E       F      G
               +--------+--------+--------+--------+--------+-----+--------+
         Total |  13653 |  12505 |   1148 |    192 |   5204 |  15 |  910.2 |
       Dungeon |   9356 |   8468 |    888 |     72 |   3410 |   9 | 1039.6 |
        Temple |    133 |    118 |     15 |      0 |    109 |   1 |  133.0 |
          Lair |   3739 |   3495 |    244 |     20 |   1651 |   4 |  934.8 |
      Ice Cave |    423 |    423 |      0 |    100 |     34 |   1 |  423.0 |
               +--------+--------+--------+--------+--------+-----+--------+

Top non-repeatable levels by time:
  Lair:1: 1535 daAuts
     D:8: 1481 daAuts
     D:4: 1460 daAuts
     D:5: 1298 daAuts
     D:7: 1281 daAuts
     D:1: 1280 daAuts
  Lair:2: 1110 daAuts
  Lair:3: 1000 daAuts
     D:6: 899 daAuts
     D:3: 849 daAuts
     D:2: 596 daAuts
   IceCv: 423 daAuts
     D:9: 209 daAuts
  Temple: 133 daAuts
  Lair:4: 93 daAuts
